 Dungeon Crawl Stone Soup version 0.20.1-1-g8b1a95d (webtiles) character file.

64 wrentha the Magician (level 3, 0/19 HPs)
             Began as a Deep Elf Wizard on Dec 8, 2017.
             Killed by divine providence
             ... invoked by an orc priest
              (11 damage)
             ... on level 3 of the Dungeon.
             The game lasted 00:09:41 (2324 turns).

wrentha the Magician (Deep Elf Wizard)              Turns: 2324, Time: 00:09:44

Health: 0/19       AC:  3    Str:  4    XL:     3   Next: 91%
Magic:  9/12       EV: 11    Int: 23    God:
Gold:   83         SH:  0    Dex: 13    Spells: 1/14 levels left

rFire    . . .     SeeInvis .   k - +0 dagger (speed)
rCold    . . .     Gourm    .   (no shield)
rNeg     . . .     Faith    .   j - +0 leather armour
rPois    .         Spirit   .   b - +0 hat
rElec    .         Reflect  .   (no cloak)
rCorr    .         Harm     .   (no gloves)
MR       .....                  (no boots)
Stlth    ++........             (no amulet)
Regen    0.1/turn               (no ring)
MPRegen  0.2/turn               (no ring)

@: very slightly contaminated
A: no striking features
a: no special abilities


You were on level 3 of the Dungeon.
You were not hungry.

You visited 1 branch of the dungeon, and saw 3 of its levels.

You collected 83 gold pieces.

Inventory:

Hand Weapons
 k - a +0 dagger of speed (weapon)
Missiles
 h - 15 tomahawks (quivered)
 l - 10 poisoned needles
Armour
 b - a +0 hat (worn)
 j - a +0 leather armour (worn)
Scrolls
 a - 3 scrolls of teleportation {unknown}
 e - a scroll of identify {unknown}
 f - a scroll of enchant weapon {unknown}
 g - a scroll of blinking {unknown}
 m - 2 scrolls of fog {unknown}
 n - a scroll of fear {unknown}
 s - a scroll of recharging {unknown}
 w - a scroll of amnesia {unknown}
Potions
 p - a potion of curing {unknown}
 q - 2 potions of might {unknown}
 r - a potion of lignification {unknown}
 t - a potion of resistance {unknown}
 u - a potion of haste {unknown}
Books
 c - a book of Minor Magic

   Spells                             Type                      Level
   a - Magic Dart                     Conjuration                  1
   b - Blink                          Translocation                2
   c - Call Imp                       Summoning                    2
   d - Slow                           Hexes                        2
   e - Conjure Flame                  Conjuration/Fire             3
   f - Mephitic Cloud                 Conjuration/Poison/Air       3
Comestibles
 d - 2 bread rations
 i - 2 meat rations
 o - a royal jelly
 v - 2 chunks of flesh


   Skills:
 - Level 2.6 Dodging
 - Level 2.5 Stealth
 + Level 6.1 Spellcasting
 + Level 1.9 Conjurations
 + Level 1.4 Summonings
 + Level 1.1 Translocations


You had one spell level left.
You knew the following spells:

 Your Spells              Type           Power        Failure   Level  Hunger
a - Magic Dart            Conj           ###.         7%          1    None
b - Blink                 Tloc           N/A          14%         2    None
c - Call Imp              Summ           ##......     13%         2    None
d - Slow                  Hex            #.......     22%         2    None
e - Conjure Flame         Conj/Fire      ##......     30%         3    #......
f - Mephitic Cloud        Conj/Pois/Air  #.......     34%         3    #......


Dungeon Overview and Level Annotations

Branches:
Dungeon (3/15)

Altars:
Makhleb
Ru


Message History

There is a stone staircase leading down here.
You climb downwards. 4 orcs and an orc priest come into view.
An orc is wielding a flail of protection.
The orc shouts! x4; The orc priest shouts!
Found a ring mail.
Found an escape hatch in the ceiling and an escape hatch in the floor.
Found a stone staircase leading down.
There is a stone staircase leading up here.
Casting: Call Imp
Confirm with . or Enter, or press ? or * to list all spells.
Aiming: Mephitic Cloud
Press: ? - help, Shift-Dir - straight line You miscast Mephitic Cloud.
You are very lightly contaminated with residual magic.
A wave of violent energy washes through your body!
The orc priest mumbles some strange prayers to Beogh against you.
Beogh smites you!
Ouch! That really hurt!
You die...

............
...........
...........
.[........
....>....#
.>.......##
..........#
...o..o@#
....o.<.#
......o##
#...o.#
######


You could see an orc priest and 4 orcs.

Vanquished Creatures
  An adder (D:2)
  3 dart slugs (D:1)
  A giant cockroach (D:1)
  4 goblins
  3 hobgoblins
  4 bats
  2 frilled lizards
  3 kobolds
  3 rats (D:1)
24 creatures vanquished.

Vanquished Creatures (collateral kills)
  A hound (D:2)
  2 adders (D:2)
  A worm (D:2)
4 creatures vanquished.

Grand Total: 28 creatures vanquished

Notes
Turn   | Place    | Note
-------+----------+-------------------------------------------
     0 | D:1      | wrentha the Deep Elf Wizard began the quest for the Orb.
     0 | D:1      | Reached XP level 1. HP: 10/10 MP: 7/7
   590 | D:1      | Reached XP level 2. HP: 15/15 MP: 7/9
   594 | D:1      | Learned a level 2 spell: Blink
   597 | D:1      | Learned a level 2 spell: Call Imp
   627 | D:1      | Learned a level 2 spell: Slow
   679 | D:1      | Reached skill level 5 in Spellcasting
  1624 | D:2      | Reached XP level 3. HP: 19/19 MP: 8/11
  2002 | D:2      | Learned a level 3 spell: Conjure Flame
  2006 | D:2      | Learned a level 3 spell: Mephitic Cloud
  2008 | D:2      | Found a sacrificial altar of Ru.
  2014 | D:2      | Found a burning altar of Makhleb.
  2159 | D:2      | Reached skill level 6 in Spellcasting
  2324 | D:3      | Killed from afar by an orc priest

Skill      XL: |  1  2  3 |
---------------+----------+-----
Spellcasting   | 5 6 |  6.1
Dodging        | |  2.6
Stealth        | |  2.5
Conjurations   | |  1.9
Summonings     | |  1.4
Translocations | |  1.1

Action                   || total
-------------------------++-------
Melee: Dagger            ||    10
 Cast: Magic Dart        ||    61
       Call Imp          ||    13
  Eat: Chunk             ||     4
Armor: Robe              ||     1
       Leather armour    ||     5
Dodge: Dodged            ||    24
